Map: Новое противостояние РВ

Players

ИИ 1 (знаток)

  • Race: Terran Terran
  • Spawn Location: 7:00

Doll - Winner!

  • Race: Zerg Zerg
  • Spawn Location: 1:00

VOD

Have the link to the VOD?

Description

Time

  • Played on: March 26, 2021, 9:53 a.m.
  • Length: 10:18
Show
View Real Time Build Order
Export as new Build Order

ИИ 1 (знаток) Terran 

Build Orders:  

Get SALT Encoding   

  12  0:00  SCV  
  13  0:13  SCV  
  14  0:18  Supply Depot  
  14  0:25  SCV  
  15  0:40  SCV  
  16  0:43  Barracks  
  16  0:52  SCV  
  17  1:04  SCV  
  18  1:15  Command Center  
  18  1:31  Orbital Command  
  18  1:32  Marine  
  19  1:36  Supply Depot  
  19  1:44  Refinery  
  19  1:50  Marine  
  20  1:56  SCV  
  20  1:59  Barracks  
  20  2:08  Marine  
  20  2:09  SCV  
  18  2:21  SCV  
  19  2:27  SCV, Barracks Tech Lab, Refinery  
  20  2:40  SCV  
  21  2:45  Marine  
  21  2:49  SCV  
  23  2:54  SCV  
  24  2:59  Barracks Tech Lab  
  24  3:01  SCV  
  24  3:04  Marauder  
  27  3:06  SCV  
  28  3:13  SCV  
  28  3:18  SCV  
  30  3:23  Factory  
  30  3:26  SCV  
  31  3:30  SCV  
  32  3:38  SCV  
  32  3:40  Factory  
  33  3:42  SCV  
  34  3:50  SCV  
  35  3:57  Refinery  
  35  4:05  Refinery  
  35  4:06  Factory Tech Lab  
  35  4:10  Starport  
  35  4:13  Marine  
  33  4:22  Marine  
  33  4:24  Hellion  
  34  4:27  Hellion  
  31  4:36  Marine  
  25  4:41  SCV  
  25  4:45  Factory Tech Lab  
  26  4:46  SCV  
  26  4:48  Hellion  
  26  4:49  Marine  
  30  4:55  Marine  
  27  5:07  SCV, Marine  
  26  5:14  Marauder  
  21  5:25  Marine  
  21  5:35  Marine  
  19  6:04  SCV  
  20  6:12  Command Center  
  20  6:15  Marine  
  20  6:16  SCV  
  22  6:28  SCV  
  23  6:41  SCV  
  23  6:43  Starport  
  24  6:49  Starport Tech Lab  
  24  6:53  SCV  
  25  7:02  Supply Depot  
  25  7:05  SCV  
  26  7:11  Marine  
  27  7:17  SCV  
  27  7:21  Starport Tech Lab, Marine  
  29  7:24  SCV  
  29  7:29  SCV  
  31  7:36  SCV  
  32  7:41  SCV  
  33  7:45  Marine  
  33  7:48  SCV  
  35  7:54  SCV  
  35  7:57  Marauder  
  38  8:00  SCV  
  39  8:06  SCV  
  39  8:07  Marauder  
  42  8:18  Reaper  
  43  8:21  Medivac  
  43  8:24  SCV  
  43  8:26  Ghost Academy  
  46  8:38  SCV, Supply Depot  
  47  8:42  SCV  
  48  8:50  SCV  
  48  8:54  SCV  
  48  8:55  Marine  
  45  8:58  Ghost  
  33  9:13  Marine  
  25  9:33  Marine, Viking  
  25  9:50  SCV  
  25  9:57  Marine  
  22  10:02  SCV  
Show
View Real Time Build Order
Export as new Build Order

Doll Zerg - Winner!

Build Orders: Pool First 

Get SALT Encoding   

  12  0:19  Spawning Pool  
  11  0:22  Drone  
  11  0:27  Drone  
  13  0:35  Overlord  
  13  1:06  Zergling x6  
  16  1:12  Queen  
  18  1:29  Hatchery  
  17  1:33  Drone  
  17  1:37  Drone  
  19  1:41  Drone  
  19  1:46  Extractor  
  19  1:50  Drone  
  20  2:00  Drone  
  20  2:10  Roach Warren  
  20  2:11  Drone  
  18  2:20  Drone x2  
  20  2:24  Drone  
  21  2:32  Overlord  
  22  2:37  Zergling x2  
  22  2:44  Zergling x2  
  22  2:45  Drone  
  24  2:53  Queen  
  26  2:59  Roach  
  26  3:04  Roach  
  30  3:09  Roach  
  32  3:13  Roach  
  32  3:17  Zergling x2  
  32  3:19  Zergling x2  
  36  3:25  Overlord  
  36  3:35  Overlord  
  36  3:46  Drone x3  
  36  3:47  Drone x2  
  41  3:50  Drone  
  41  3:54  Drone  
  43  3:57  Drone  
  43  4:00  Drone  
  45  4:03  Drone  
  45  4:06  Drone  
  45  4:09  Drone  
  48  4:13  Drone x2  
  48  4:15  Drone  
  51  4:22  Extractor  
  51  4:23  Lair  
  50  4:27  Overlord  
  50  4:33  Drone  
  50  4:35  Baneling Nest  
  50  4:36  Drone  
  51  4:49  Drone  
  51  4:51  Drone  
  51  4:53  Drone  
  51  4:55  Drone  
  51  4:57  Drone  
  51  4:58  Hatchery  
  49  5:00  Drone  
  49  5:01  Drone  
  49  5:05  Overlord  
  51  5:10  Roach  
  51  5:11  Roach  
  51  5:14  Roach  
  57  5:21  Spine Crawler  
  56  5:26  Roach  
  56  5:27  Roach x3  
  62  5:29  Roach  
  62  5:31  Zergling x2  
  63  5:39  Roach  
  63  5:40  Hydralisk Den, Roach  
  64  5:42  Overlord  
  64  5:50  Overlord  
  64  5:52  Glial Reconstitution  
  64  5:55  Metabolic Boost  
  64  5:58  Drone  
  64  5:59  Drone  
  64  6:01  Drone x2  
  64  6:02  Drone  
  69  6:04  Extractor  
  69  6:09  Drone, Extractor  
  69  6:11  Zergling x2  
  69  6:13  Drone  
  69  6:18  Drone  
  71  6:19  Infestation Pit  
  71  6:21  Drone  
  71  6:24  Evolution Chamber  
  70  6:25  Evolution Chamber  
  70  6:26  Evolution Chamber  
  70  6:29  Drone x2  
  70  6:30  Drone x2  
  70  6:31  Drone  
  73  6:34  Drone  
  73  6:38  Drone  
  75  6:40  Overlord  
  75  6:44  Hydralisk  
  77  6:47  Hydralisk  
  77  6:51  Zerg Melee Weapons Level 1  
  77  6:53  Hydralisk  
  81  6:58  Zerg Missile Weapons Level 1  
  81  7:02  Drone x2  
  81  7:06  Hydralisk x2  
  87  7:09  Zergling x2  
  87  7:10  Zergling x2  
  87  7:13  Drone  
  87  7:15  Drone  
  91  7:17  Hydralisk  
  91  7:20  Overlord  
  93  7:23  Pneumatized Carapace  
  93  7:26  Drone x2  
  93  7:28  Drone  
  93  7:29  Drone  
  97  7:31  Drone  
  97  7:35  Zerg Ground Armor Level 1  
  97  7:37  Overlord  
  98  7:43  Hydralisk  
  100  7:44  Hydralisk  
  100  7:46  Hydralisk  
  100  7:50  Zergling x2  
  105  7:56  Hydralisk  
  107  7:58  Hydralisk  
  107  8:01  Drone x2  
  107  8:03  Drone  
  107  8:04  Hatchery  
  107  8:05  Overlord  
  111  8:10  Hive  
  111  8:13  Hydralisk  
  111  8:14  Zergling x2  
  111  8:16  Overlord  
  114  8:20  Overseer  
  114  8:22  Overseer  
  114  8:24  Zergling x2  
  114  8:25  Zergling x2, Drone x3  
  114  8:26  Drone  
  120  8:35  Drone x3  
  120  8:39  Extractor  
  122  8:42  Extractor  
  122  8:43  Overlord  
  122  8:46  Queen x2  
  125  8:50  Spire  
  125  8:51  Drone x5  
  125  8:52  Drone  
  126  8:57  Infestor  
  123  9:06  Hydralisk x2  
  125  9:10  Drone  
  125  9:13  Drone  
  125  9:15  Drone x3  
  125  9:16  Queen, Drone  
  133  9:22  Drone x2  
  133  9:24  Drone  
  136  9:25  Drone  
Tags
 
Add a new tag
Caveats
  • Supply blocks, unpowered buildings, or Contaminate may cause inaccurate times.
  • Supply counts are checked every 10 seconds.